 Dungeon Crawl Stone Soup version 0.31.0-9-g3a7656b989 (webtiles) character file.

Game seed: 704207710201747891

15 qw the Shooter (level 2, -1/16 HPs)
             Began as a Deep Elf Hunter on Feb 2, 2024.
             Slain by a quokka (4 damage)
             ... on level 1 of the Dungeon.
             The game lasted 00:00:00 (275 turns).

qw the Shooter (Deep Elf Hunter)                     Turns: 275, Time: 00:00:01

Health: -1/16      AC:  3    Str:  8    XL:     2   Next: 34%
Magic:  4/4        EV: 12    Int: 13    God:
Gold:   67         SH:  0    Dex: 18    Spells: 1/1 levels left

rFire   . . .        a - +0 shortbow
rCold   . . .        (shield currently unavailable)
rNeg    . . .        c - +0 leather armour
rPois   .            (no helmet)
rElec   .            (no cloak)
rCorr   .            (no gloves)
SInv    .            (no boots)
Will    .....        (no amulet)
Stlth   ++           (no ring)
HPRegen 0.22/turn    (no ring)
MPRegen 0.09/turn

%: no passive effects
@: no status effects
A: no striking features
a: no special abilities


You were on level 1 of the Dungeon.
You visited 1 branch of the dungeon, and saw 1 of its levels.

You collected 67 gold pieces.


   Skills:
 - Level 1.5 Fighting
 + Level 6.2 Ranged Weapons
 - Level 2.4 Dodging
 - Level 1.2 Stealth


You had one spell level left.
You didn't know any spells.
Your spell library was empty.

Inventory:

Hand Weapons
 a - a +0 shortbow (weapon)
Armour
 c - a +0 leather armour (worn)
Scrolls
 b - a scroll of butterflies
 g - a scroll of vulnerability {unknown}
 h - a scroll of teleportation {unknown}
Potions
 d - a potion of attraction {unknown}
 e - a potion of curing {unknown}
 f - a potion of heal wounds {unknown}

Dungeon Overview and Level Annotations

Branches:
Dungeon (1/15)

Altars:


Message History

You shoot an arrow. The arrow closely misses the quokka.
You shoot an arrow. The arrow hits the quokka.
The quokka is lightly wounded.
You shoot an arrow.
The arrow hits the quokka but does no damage.
The quokka is lightly wounded.
The quokka bites you.
You shoot an arrow.
The arrow hits the quokka but does no damage.
The quokka is lightly wounded.
The quokka bites you. x2
You shoot an arrow. The arrow misses the quokka.
The quokka barely misses you.
You shoot an arrow. The arrow barely misses the quokka.
The quokka misses you.
You shoot an arrow. The arrow closely misses the quokka.
The quokka bites you.
The quokka twitches its whiskers.
The quokka closely misses you.
You shoot an arrow. The arrow barely misses the quokka.
The quokka closely misses you.
You shoot an arrow. The arrow misses the quokka.
The quokka bites you.
The quokka bites you but does no damage.
You shoot an arrow. The arrow hits the quokka.
The quokka is moderately wounded.
The quokka misses you.
You shoot an arrow. The arrow hits the quokka.
The quokka is heavily wounded.
The quokka barely misses you.
You shoot an arrow. The arrow hits the quokka.
The quokka is severely wounded.
The quokka bites you.
The quokka bites you but does no damage.
You shoot an arrow. The arrow closely misses the quokka.
The quokka bites you.
You shoot an arrow. The arrow misses the quokka.
The quokka bites you but does no damage.
The quokka bites you.
You die...

...#########
......r@...#
...#######.#
#.# ## #.#
.# #.# ....
#.# ######
#.# ......
#.# #.....
#.#


You could see a quokka.

Vanquished Creatures
  A dart slug (D:1)
  2 ball pythons (D:1)
  2 endoplasms (D:1)
  A goblin (D:1)
  2 hobgoblins (D:1)
  2 kobolds (D:1)
  A rat (D:1)
11 creatures vanquished.

Notes
Turn   | Place    | Note
-------+----------+-------------------------------------------
     0 | D:1      | qw the Deep Elf Hunter began the quest for the Orb.
     0 | D:1      | Reached XP level 1. HP: 12/12 MP: 3/3
     0 | D:1      | 0 ||| qw: Version: 0.3-a-155-g5e7d8dd
     0 | D:1      | 0 ||| qw: Game counter: 541
     0 | D:1      | 0 ||| qw: Melee chars always use a shield: true
     0 | D:1      | 0 ||| qw: God list: Okawaru
     0 | D:1      | 0 ||| qw: Allow faded altars: false
     0 | D:1      | 0 ||| qw: Do Orc after clearing Dungeon:15 true
     0 | D:1      | 0 ||| qw: Do second Lair branch before Depths: true
     0 | D:1      | 0 ||| qw: Lair rune preference: random
     0 | D:1      | 0 ||| qw: Goals: Normal
     0 | D:1      | 0 ||| PLANNING D:1-11
    94 | D:1      | Reached XP level 2. HP: 16/16 MP: 4/4
   117 | D:1      | Reached skill level 6 in Ranged Weapons
   274 | D:1      | HP: 2/16 [quokka (4)]
   275 | D:1      | Slain by a quokka

Levels and vault maps discovered:
D:1:      nzn_arrival_settlement, layout_loops_ring

Skill      XL: |  1  2 |
---------------+-------+-----
Ranged Weapons | 6 |  6.2
Fighting       | |  1.5
Dodging        | |  2.4
Stealth        | |  1.2

Action                     || total
---------------------------++-------
   Fire: Shortbow          ||    41
 Armour: Leather armour    ||    13
  Dodge: Dodged            ||     9

Table legend:
 A = Non-vault XP
 B = Vault XP
 C = Vault XP percentage of total XP
 D = Non-vault monster count
 E = Vault monster count
 F = Vault count percentage of total count
                 A         B        C        D         E       F
            +---------+---------+-------+---------+---------+-------
      Total |      22 |       0 |   0.0 |      11 |       0 |   0.0
            +---------+---------+-------+---------+---------+-------
        D:1 |      22 |       0 |   0.0 |      11 |       0 |   0.0
            +---------+---------+-------+---------+---------+-------
